 Dungeon Crawl Stone Soup version 0.30-a0-772-g5528072125 (webtiles) character file.

Game seed: 17124863943463169760

74 Leeroy the Slasher (level 4, 0/23 HPs)
             Began as a Vine Stalker Warper on Feb 12, 2023.
             Splashed by a jelly's acid (7 damage)
             ... on level 2 of the Dungeon.
             The game lasted 00:01:25 (1446 turns).

Leeroy the Slasher (Vine Stalker Warper)            Turns: 1446, Time: 00:01:26

Health: 0/23       AC: -11   Str: 13    XL:     4   Next: 28%
Magic:  0/8        EV: 11    Int: 13    God:
Gold:   54         SH:  0    Dex: 16    Spells: 7/7 levels left

rFire   . . .      SeeInvis .    a - +0 falchion
rCold   . . .      Faith    .    (no shield)
rNeg    . . .      Spirit   +    b - +0 leather armour
rPois   .          Reflect  .    n - +0 helmet
rElec   .          Harm     .    (no cloak)
rCorr   .          Rampage  .    (no gloves)
Will    .....                    (no boots)
Stlth   +                        (no amulet)
HPRegen 1.03/turn                (no ring)
MPRegen 0.11/turn                (no ring)

@: corroded
A: fangs 2, regeneration 1, magic shield, antimagic bite, no potion heal 2
a: no special abilities


You were on level 2 of the Dungeon.
You visited 1 branch of the dungeon, and saw 2 of its levels.

You collected 54 gold pieces.

Inventory:

Hand Weapons
 a - a +0 falchion (weapon)
Missiles
 d - 7 boomerangs of dispersal (quivered)
 i - 6 poisoned darts
Armour
 b - a +0 leather armour (worn)
 n - a +0 helmet (worn)
Wands
 o - a wand of digging (6)
Scrolls
 c - a scroll of blinking
 e - a scroll of fog {unknown}
 f - 2 scrolls of enchant armour {unknown}
 g - a scroll of fear {unknown}
 m - a scroll of poison {unknown}
 p - a scroll of silence {unknown}
Potions
 h - a potion of mutation {unknown}
 j - a potion of curing {unknown}
 k - a potion of attraction {unknown}
 l - a potion of cancellation {unknown}
 q - a potion of heal wounds {unknown}


   Skills:
 - Level 1.7 Fighting
 + Level 4.0 Long Blades
 - Level 0.8 Throwing
 - Level 0.7 Armour
 - Level 1.5 Dodging
 - Level 2.1 Spellcasting
 - Level 3.0 Translocations


You had 7 spell levels left.
You didn't know any spells.
Your spell library contained the following spells:

 Spells                   Type           Power      Damage    Failure   Level
 Blink                    Tloc           18%        N/A       14%         2
 Lesser Beckoning         Tloc           18%        N/A       14%         2
 Teleport Other           Tloc           9%         N/A       28%         3
 Vhi's Electric Charge    Tloc/Air       10%        N/A       45%         3
 Manifold Assault         Tloc           9%         N/A       67%         4


Dungeon Overview and Level Annotations

Branches:
Dungeon (2/15)

Altars:


Innate Abilities, Weirdness & Mutations

You have extremely sharp teeth.
Your natural rate of healing is unusually fast.
When hurt, damage is shared between your health and your magic reserves.
Your bite disrupts and absorbs the magic of your enemies.
Potions cannot restore your health.


Message History

You slash the jelly!
Your hands burn!
The jelly is severely wounded.
The jelly misses you. The endoplasm freezes you.
You are frozen.
The endoplasm hits you but does no damage.
You slash the jelly!
You kill the jelly!
The endoplasm hits you but does no damage.
The endoplasm hits you.
Your Long Blades skill increases to level 4!
You have reached level 4!
You feel agile.
You begin to heal more quickly.
The endoplasm attacks as you move away! The endoplasm closely misses you.
You slash the endoplasm!
You kill the endoplasm!
The jelly hits you but does no damage.
You hit the jelly. The acid corrodes you!
Your hands burn!
The jelly is moderately wounded.
The jelly barely misses you. The jelly closely misses you.
You hit the jelly.
Your hands burn!
You bite the jelly, but do no damage.
The jelly is moderately wounded.
The jelly hits you.
You are splashed with acid.
You hit the jelly. The acid corrodes you!
Your hands burn!
You bite the jelly. You drain its power.
You feel invigorated.
The jelly is heavily wounded.
The jelly barely misses you.
You hit the jelly.
Your hands burn!
You bite the jelly, but do no damage.
The jelly is severely wounded.
The jelly completely misses you.
Unknown command.
Unknown command.
You hit the jelly but do no damage. The acid corrodes you!
Your hands burn!
The jelly is severely wounded.
The jelly closely misses you.
You hit the jelly but do no damage.
Your hands burn!
The jelly is severely wounded.
The jelly hits you. The acid corrodes you!
You are splashed with acid!
You die...

#...###
##########
#.....#
[.÷P.P...#
##.#...#
.....P...#
##..#...#
......÷..#
#.......#
.P.÷.÷...#
##.......#
.P...JJ÷÷#
#........#
....÷.JJJ#
..####...#
#######J# ###
#...###..).@J##
#
#...##.########
#...###..'....#
##### ####....#
#.......#
#..)....#
#.......#
#.......#
##.....##


You could see a jelly and 2 endoplasms.

Vanquished Creatures
  A jelly (D:2)
  An adder (D:2)
  A ball python (D:2)
  5 endoplasms
  A giant cockroach (D:1)
  A goblin (D:1)
  2 hobgoblins (D:1)
  4 quokkas (D:1)
  4 bats
  9 kobolds
  3 rats
32 creatures vanquished.

Vanquished Creatures (others)
  10 toadstools (D:2)
10 creatures vanquished.

Grand Total: 42 creatures vanquished

Notes
Turn   | Place    | Note
-------+----------+-------------------------------------------
     0 | D:1      | Leeroy the Vine Stalker Warper began the quest for the Orb.
     0 | D:1      | Reached XP level 1. HP: 11/11 MP: 4/4
    25 | D:1      | Reached skill level 2 in Long Blades
   274 | D:1      | Reached XP level 2. HP: 13/15 MP: 4/6
   690 | D:1      | Found a faded altar of an unknown god.
   816 | D:2      | Reached skill level 3 in Long Blades
   841 | D:2      | Reached XP level 3. HP: 13/18 MP: 5/7
  1436 | D:2      | Reached skill level 4 in Long Blades
  1436 | D:2      | Gained mutation: Your natural rate of healing is unusually
                  | fast. [Vine Stalker growth]
  1436 | D:2      | Reached XP level 4. HP: 14/23 MP: 6/8
  1446 | D:2      | Splashed by a jelly's acid

Illustrated notes

Levels and vault maps discovered:
D:1:      lightli_iron_boxes, layout_basic, shapermc_ecumenical_altar_hornbeckon
D:2:      cheibrodos_fertilizer, layout_basic

Skill      XL: |  1  2  3 |
---------------+----------+-----
Long Blades    | 2 3 4 |  4.0
Fighting       | |  1.7
Throwing       | |  0.8
Armour         | |  0.7
Dodging        | |  1.5
Spellcasting   | |  2.1
Translocations | |  3.0

Action                     |  1- 3 |  4- 6 || total
---------------------------+-------+-------++-------
  Melee: Falchion          |    88 |     7 ||    95
         Bite              |    20 |     3 ||    23
 Armour: Leather armour    |    39 |     1 ||    40
  Dodge: Dodged            |    73 |     6 ||    79

Table legend: (Time is in decaauts)
 A = Elapsed time spent in this place.
 B = Non-inter-level travel time spent in this place.
 C = Inter-level travel time spent in this place.
 D = Time resting spent in this place.
 E = Time spent auto-exploring this place.
 F = Levels seen in this place.
 G = Mean time per level.
                   A        B        C        D        E       F      G
               +--------+--------+--------+--------+--------+-----+--------+
         Total |   1470 |   1417 |     53 |      0 |   1176 |   2 |  735.0 |
       Dungeon |   1470 |   1417 |     53 |      0 |   1176 |   2 |  735.0 |
               +--------+--------+--------+--------+--------+-----+--------+

Top non-repeatable levels by time:
     D:1: 797 daAuts
     D:2: 673 daAuts
